Pittsburgh Penguins vs Tampa Bay Lightning
(R1)
Created - Thursday, March 30, 2023 at 07:11
Goals
|
| Pittsburgh Penguins |
2 |
0 |
0 |
2 |
| Tampa Bay Lightning |
3 |
2 |
2 |
7 |
|
Shots
|
| Pittsburgh Penguins |
8 |
12 |
4 |
24 |
| Tampa Bay Lightning |
17 |
8 |
14 |
39 |
|
1st period
1. Tampa Bay Lightning , Gabriel Landeskog 4 (Kirill Kaprizov 12, Anze Kopitar 6) at 10:48 (PP)
2. Pittsburgh Penguins , Leon Draisaitl 9 (Ryan Suter 6) at 12:02
3. Tampa Bay Lightning , Kirill Kaprizov 7 (Tomas Hertl 7, Johnny Gaudreau 10) at 14:02
4. Pittsburgh Penguins , Leon Draisaitl 10 (Mitch Marner 13, Sam Reinhart 12) at 17:44
5. Tampa Bay Lightning , Gabriel Landeskog 5 (Hampus Lindholm 1) at 19:49
Penalties :
Ivan Barbashev (TBL) for Holding (Minor) at 1:17, Ryan Johansen (PIT) for Interference (Minor) at 7:04, Blake Coleman (PIT) for Hooking (Minor) at 9:48
2nd period
6. Tampa Bay Lightning , Gabriel Landeskog 6 (Anze Kopitar 7, Alexander Kerfoot 5) at 10:05
7. Tampa Bay Lightning , Kirill Kaprizov 8 (Johnny Gaudreau 11, Gabriel Landeskog 5) at 17:31
Penalties :
Ryan Suter (PIT) for Tripping (Minor) at 3:41
3rd period
8. Tampa Bay Lightning , Gabriel Landeskog 7 (Anze Kopitar 8, Christian Dvorak 3) at 5:07
9. Tampa Bay Lightning , Gabriel Landeskog 8 (Roope Hintz 7, Anze Kopitar 9) at 10:48
Penalties :
Mattias Ekholm (PIT) for Diving (Minor) at 8:21, Alexander Romanov (TBL) for High sticking (Minor) at 11:01, Vladislav Gavrikov (TBL) for Cross-checking (Minor) at 14:37
Goalie Stats
Mike Smith (PIT), 13 saves from 15 shots - (0.867), 22:29 minutes
Jonathan Quick (PIT), 19 saves from 24 shots - (0.792), L, 8-5-0, 37:31 minutes
Jeremy Swayman (TBL), 22 saves from 24 shots - (0.917), W, 4-1-0, 60:00 minutes
Players Stats for Pittsburgh Penguins
Player Name G A P +/- PIM S H SB GA TA FO MP PP MP PK MP
------------------------------------------------------------------------------------
Anton Stralman 0 0 0 -2 0 1 3 0 0 1 0/0 20:19 2:00 2:55
Blake Coleman 0 0 0 -4 2 0 3 0 0 0 0/0 9:19 0:00 0:00
Chris Tanev 0 0 0 -1 0 1 1 2 0 2 0/0 22:06 1:52 0:45
Colton Sissons 0 0 0 0 0 0 0 0 0 0 2/3 6:29 0:00 0:00
Erik Gudbranson 0 0 0 -2 0 1 0 1 0 0 0/0 10:53 0:45 1:28
Erik Karlsson 0 0 0 1 0 0 0 1 0 0 0/0 13:32 1:20 2:48
Jean-Gabriel Pageau 0 0 0 -1 0 1 1 0 0 0 11/17 13:03 0:18 0:00
Jeff Carter 0 0 0 -2 0 2 2 0 1 0 1/2 17:48 2:32 2:15
Jordan Eberle 0 0 0 0 0 1 2 0 0 0 0/0 8:00 0:18 1:06
Leon Draisaitl 2 0 2 2 0 7 0 0 0 0 19/35 24:52 3:07 3:36
Mattias Ekholm 0 0 0 -2 2 0 0 3 1 0 0/0 28:23 3:57 2:48
Mitch Marner 0 1 1 2 0 6 2 1 0 0 0/2 24:56 3:07 3:40
Pavel Buchnevich 0 0 0 -1 0 3 0 0 1 0 1/3 16:16 2:32 1:06
Reilly Smith 0 0 0 -4 0 0 1 0 0 1 0/0 9:40 0:18 0:00
Ryan Johansen 0 0 0 -4 2 1 1 0 0 0 3/6 11:45 2:32 0:00
Ryan Suter 0 1 1 -2 2 0 0 1 0 2 0/0 18:18 2:00 1:17
Sam Reinhart 0 1 1 1 0 0 2 0 0 0 0/2 23:55 3:07 2:15
T.J. Brodie 0 0 0 -1 0 0 0 1 0 0 0/0 13:25 0:00 1:49
Players Stats for Tampa Bay Lightning
Player Name G A P +/- PIM S H SB GA TA FO MP PP MP PK MP
------------------------------------------------------------------------------------
Alexander Kerfoot 0 1 1 -1 0 0 0 0 0 0 0/0 6:51 0:05 1:02
Alexander Romanov 0 0 0 3 2 1 2 1 0 0 0/0 16:56 0:16 2:39
Anze Kopitar 0 4 4 4 0 2 0 0 0 1 17/36 20:03 3:47 3:17
Christian Dvorak 0 1 1 3 0 1 0 0 0 0 0/1 15:36 0:00 3:06
Connor Brown 0 0 0 0 0 2 1 2 2 0 0/1 15:39 0:05 1:49
Darnell Nurse 0 0 0 1 0 1 1 2 0 0 0/0 23:20 2:42 2:07
Dylan Cozens 0 0 0 0 0 3 4 0 1 0 5/7 16:48 3:05 0:10
Gabriel Landeskog 5 1 6 4 0 8 4 0 1 0 0/0 16:45 3:47 0:00
Hampus Lindholm 0 1 1 3 0 1 2 0 0 0 0/0 13:45 3:12 0:00
Ivan Barbashev 0 0 0 -1 2 0 2 0 0 0 0/0 5:52 0:05 0:00
Johnny Gaudreau 0 2 2 1 0 3 0 1 1 0 0/1 17:55 3:05 0:00
Kirill Kaprizov 2 1 3 2 0 6 0 0 1 0 0/2 19:56 3:47 0:41
Lars Eller 0 0 0 -1 0 2 0 0 0 0 1/2 5:18 0:00 0:00
Moritz Seider 0 0 0 0 0 0 0 1 0 2 0/0 24:20 4:15 2:31
Roope Hintz 0 1 1 1 0 6 2 0 0 0 0/1 16:25 2:42 0:00
Ryan Graves 0 0 0 0 0 0 0 1 0 0 0/0 16:37 0:00 2:07
Tomas Hertl 0 1 1 1 0 2 0 1 0 0 10/19 19:49 3:05 1:49
Vladislav Gavrikov 0 0 0 0 2 1 1 2 0 0 0/0 22:05 0:47 2:30
3 Stars
1 - Gabriel Landeskog (TBL)
2 - Anze Kopitar (TBL)
3 - Kirill Kaprizov (TBL)
Power Play
Pittsburgh Penguins - 0 on 3 Attempt(s) - 0.00%
Tampa Bay Lightning - 1 on 4 Attempt(s) - 25.00%
Penalty Kill
Pittsburgh Penguins - 3 on 4 Attempt(s) - 75.00%
- Score 0 goal in Penalty Kill
Tampa Bay Lightning - 3 on 3 Attempt(s) - 100.00%
- Score 0 goal in Penalty Kill
Team Stat
Pittsburgh Penguins - Hits : 18 - Faceoff Wins : 37 - Blocked Shots : 10 - Penalty Minutes : 8
Tampa Bay Lightning - Hits : 19 - Faceoff Wins : 33 - Blocked Shots : 11 - Penalty Minutes : 6
Official
Referees : Kevin Pollock and Greg Kimmerly
Linesman : Greg Devorski and Jonny Murray
Game Notes
Erik Karlsson is injured at 8:04 of 2nd period (Sore Left Knee)
Gabriel Landeskog has scored a Hat Trick!
Mike Smith enters game at 17:31 of 2nd period
Hampus Lindholm is injured at 2:45 of 3rd period (Bruised Left Arm)
Finance
Level 1 -- Attendance: 5620 (93.67%) -- Ticket Income $533,900
Level 2 -- Attendance: 4720 (94.40%) -- Ticket Income $259,600
Level 3 -- Attendance: 2841 (94.70%) -- Ticket Income $96,594
Level 4 -- Attendance: 4961 (99.22%) -- Ticket Income $104,181
Luxury Box -- Attendance: 915 (91.50%) -- Ticket Income $178,425
Game was played at the Tampa Bay Times Forum.
Total Attendance: 19057 (95.29%)
Total Ticket Income: $1,172,700
Other Income: $410,445
Total Income: $1,583,145
Pittsburgh Penguins
5 vs 5 Forward
Center Left Wing Right Wing Time % Phy DF OF
1 Leon Draisaitl Mitch Marner Sam Reinhart 40 1 2 2
2 Jean-Gabriel Pageau Pavel Buchnevich Jeff Carter 30 1 2 2
3 Ryan Johansen Blake Coleman Reilly Smith 20 1 2 2
4 Colton Sissons Erik Gudbranson Jordan Eberle 10 1 2 2
5 vs 5 Defense
Defense Defense Time % Phy DF OF
1 Erik Karlsson Mattias Ekholm 40 1 2 2
2 Ryan Suter Anton Stralman 30 1 2 2
3 Chris Tanev T.J. Brodie 20 1 2 2
4 Erik Karlsson Mattias Ekholm 10 1 2 2
PowerPlay Forward
Center Left Wing Right Wing Time % Phy DF OF
1 Leon Draisaitl Mitch Marner Sam Reinhart 60 1 2 2
2 Jeff Carter Pavel Buchnevich Ryan Johansen 40 1 2 2
PowerPlay Defense
Defense Defense Time % Phy DF OF
1 Erik Karlsson Mattias Ekholm 60 1 2 2
2 Ryan Suter Anton Stralman 40 1 2 2
Penalty Kill 4 Players Forward
Center Wing Time % Phy DF OF
1 Leon Draisaitl Mitch Marner 60 1 2 2
2 Sam Reinhart Jeff Carter 40 1 2 2
Penalty Kill 4 Players Defense
Defense Defense Time % Phy DF OF
1 Erik Karlsson Mattias Ekholm 60 1 2 2
2 Ryan Suter Anton Stralman 40 1 2 2
Penalty Kill - 3 Players Forward
Forward Time % Phy DF OF
1 Leon Draisaitl 60 1 2 2
2 Mitch Marner 40 1 2 2
Penalty Kill - 3 Players Defense
Defense Defense Time % Phy DF OF
1 Erik Karlsson Mattias Ekholm 60 1 2 2
2 Ryan Suter Anton Stralman 40 1 2 2
4 vs 4 Forward
Center Wing Time % Phy DF OF
1 Leon Draisaitl Mitch Marner 60 1 2 2
2 Sam Reinhart Jeff Carter 40 1 2 2
4 vs 4 Defense
Defense Defense Time % Phy DF OF
1 Erik Karlsson Mattias Ekholm 60 1 2 2
2 Ryan Suter Anton Stralman 40 1 2 2
Last Minutes Offensive
Center Left Wing Right Wing Defense Defense
Leon Draisaitl Mitch Marner Sam Reinhart Erik Karlsson Mattias Ekholm
Last Minutes Defensive
Center Left Wing Right Wing Defense Defense
Leon Draisaitl Mitch Marner Sam Reinhart Erik Karlsson Mattias Ekholm
Goaltenders
Starting : Jonathan Quick
Backup : Mike Smith
Extra Forwards
Normal : Jean-Gabriel Pageau, Reilly Smith, Jordan Eberle - PP : Jean-Gabriel Pageau, Reilly Smith - PK : Jordan Eberle
Extra Defensemen
Normal : Chris Tanev, T.J. Brodie, Erik Gudbranson - PP : Chris Tanev - PK : T.J. Brodie, Erik Gudbranson
Penalty Shots
Leon Draisaitl, Mitch Marner, Sam Reinhart, Jeff Carter, Ryan Johansen
Tampa Bay Lightning
5 vs 5 Forward
Center Left Wing Right Wing Time % Phy DF OF
1 Tomas Hertl Johnny Gaudreau Kirill Kaprizov 35 0 1 4
2 Anze Kopitar Christian Dvorak Gabriel Landeskog 30 0 3 2
3 Dylan Cozens Roope Hintz Connor Brown 25 0 2 3
4 Lars Eller Alexander Kerfoot Ivan Barbashev 10 0 3 2
5 vs 5 Defense
Defense Defense Time % Phy DF OF
1 Darnell Nurse Vladislav Gavrikov 35 1 2 2
2 Moritz Seider Ryan Graves 32 1 2 2
3 Hampus Lindholm Alexander Romanov 28 1 2 2
4 Darnell Nurse Moritz Seider 5 1 2 2
PowerPlay Forward
Center Left Wing Right Wing Time % Phy DF OF
1 Anze Kopitar Kirill Kaprizov Gabriel Landeskog 60 0 1 4
2 Tomas Hertl Johnny Gaudreau Dylan Cozens 40 0 1 4
PowerPlay Defense
Defense Defense Time % Phy DF OF
1 Moritz Seider Hampus Lindholm 60 0 2 3
2 Darnell Nurse Roope Hintz 40 0 2 3
Penalty Kill 4 Players Forward
Center Wing Time % Phy DF OF
1 Anze Kopitar Christian Dvorak 60 1 3 1
2 Tomas Hertl Connor Brown 40 1 3 1
Penalty Kill 4 Players Defense
Defense Defense Time % Phy DF OF
1 Vladislav Gavrikov Alexander Romanov 60 1 3 1
2 Darnell Nurse Ryan Graves 40 1 3 1
Penalty Kill - 3 Players Forward
Forward Time % Phy DF OF
1 Tomas Hertl 60 1 4 0
2 Christian Dvorak 40 1 4 0
Penalty Kill - 3 Players Defense
Defense Defense Time % Phy DF OF
1 Vladislav Gavrikov Alexander Romanov 60 2 3 0
2 Darnell Nurse Ryan Graves 40 2 3 0
4 vs 4 Forward
Center Wing Time % Phy DF OF
1 Anze Kopitar Kirill Kaprizov 60 1 2 2
2 Tomas Hertl Johnny Gaudreau 40 1 2 2
4 vs 4 Defense
Defense Defense Time % Phy DF OF
1 Darnell Nurse Moritz Seider 60 1 2 2
2 Vladislav Gavrikov Alexander Romanov 40 1 2 2
Last Minutes Offensive
Center Left Wing Right Wing Defense Defense
Tomas Hertl Johnny Gaudreau Gabriel Landeskog Darnell Nurse Moritz Seider
Last Minutes Defensive
Center Left Wing Right Wing Defense Defense
Tomas Hertl Ivan Barbashev Connor Brown Darnell Nurse Vladislav Gavrikov
Goaltenders
Starting : Jeremy Swayman
Backup : Darcy Kuemper
Extra Forwards
Normal : Gabriel Landeskog, Roope Hintz, Johnny Gaudreau - PP : Ivan Barbashev, Alexander Kerfoot - PK : Alexander Kerfoot
Extra Defensemen
Normal : Moritz Seider, Vladislav Gavrikov, Ryan Graves - PP : Vladislav Gavrikov - PK : Moritz Seider, Hampus Lindholm
Penalty Shots
Christian Dvorak, Alexander Kerfoot, Kirill Kaprizov, Johnny Gaudreau, Gabriel Landeskog
% Time on Ice - Pittsburgh Penguins
Lines # - Real PCT - Wanted PCT - Time Play
Normal Forward
1 - 39% - 40% - 18:16
2 - 28% - 30% - 13:01
3 - 20% - 20% - 9:20
4 - 14% - 10% - 6:29
Normal Defense
1 - 40% - 40% - 18:52
2 - 33% - 30% - 15:24
3 - 21% - 20% - 10:03
4 - 6% - 10% - 2:47
PP Forward
1 - 57% - 60% - 3:25
2 - 43% - 40% - 2:32
PP Defense
1 - 66% - 60% - 3:57
2 - 34% - 40% - 2:00
PK Forward
1 - 68% - 60% - 4:42
2 - 32% - 40% - 2:15
PK Defense
1 - 69% - 60% - 4:47
2 - 31% - 40% - 2:10
PK3 Forward
1 - 0% - 60%
2 - 0% - 40%
PK3 Defense
1 - 0% - 60%
2 - 0% - 40%
44 Forward
1 - 0% - 60%
2 - 0% - 40%
44 Defense
1 - 0% - 60%
2 - 0% - 40%
Last Minute Offensive - 0:00
Last Minute Defensive - 0:00
Total
Forward - 60:00
Defense - 60:00
|
% Time on Ice - Tampa Bay Lightning
Lines # - Real PCT - Wanted PCT - Time Play
Normal Forward
1 - 34% - 35% - 15:54
2 - 27% - 30% - 12:39
3 - 28% - 25% - 13:15
4 - 11% - 10% - 5:18
Normal Defense
1 - 38% - 35% - 18:03
2 - 31% - 32% - 14:42
3 - 28% - 28% - 13:21
4 - 2% - 5% - 1:00
PP Forward
1 - 56% - 60% - 3:52
2 - 44% - 40% - 3:05
PP Defense
1 - 61% - 60% - 4:15
2 - 39% - 40% - 2:42
PK Forward
1 - 69% - 60% - 4:08
2 - 31% - 40% - 1:49
PK Defense
1 - 64% - 60% - 3:50
2 - 36% - 40% - 2:07
PK3 Forward
1 - 0% - 60%
2 - 0% - 40%
PK3 Defense
1 - 0% - 60%
2 - 0% - 40%
44 Forward
1 - 0% - 60%
2 - 0% - 40%
44 Defense
1 - 0% - 60%
2 - 0% - 40%
Last Minute Offensive - 0:00
Last Minute Defensive - 0:00
Total
Forward - 60:00
Defense - 60:00
|
Play-by-Play
1st period
0:01 of 1st period - Tomas Hertl wins face-off versus Leon Draisaitl in neutral zone.
0:40 of 1st period - Off-side.
0:41 of 1st period - Anze Kopitar wins face-off versus Jean-Gabriel Pageau in neutral zone.
1:17 of 1st period - Minor Penalty to Ivan Barbashev for Holding.
1:18 of 1st period - Leon Draisaitl wins face-off versus Anze Kopitar in Tampa Bay Lightning zone.
1:22 of 1st period - Snap shot by Mitch Marner.
1:22 of 1st period - Stopped by Jeremy Swayman without a rebound.
1:23 of 1st period - Anze Kopitar wins face-off versus Leon Draisaitl in Tampa Bay Lightning zone.
2:28 of 1st period - Snap shot by Pavel Buchnevich.
2:28 of 1st period - Shot Misses the Net.
3:02 of 1st period - Connor Brown is hit by Jordan Eberle and loses puck.
3:07 of 1st period - Snap shot by Reilly Smith.
3:07 of 1st period - Shot Blocked by Connor Brown.
3:17 of 1st period - Penalty to Ivan Barbashev is over, Ivan Barbashev is back on ice.
3:30 of 1st period - Off-side.
3:31 of 1st period - Ryan Johansen wins face-off versus Lars Eller in neutral zone.
3:36 of 1st period - Snap shot by Reilly Smith.
3:36 of 1st period - Shot Misses the Net.
3:56 of 1st period - Leon Draisaitl is hit by Gabriel Landeskog and loses puck.
4:11 of 1st period - Mattias Ekholm is hit by Dylan Cozens and loses puck.
4:16 of 1st period - Wrist shot by Roope Hintz.
4:16 of 1st period - Stopped by Jonathan Quick with a rebound.
4:18 of 1st period - Snap shot by Roope Hintz.
4:18 of 1st period - Stopped by Jonathan Quick without a rebound.
4:19 of 1st period - Jean-Gabriel Pageau wins face-off versus Tomas Hertl in Pittsburgh Penguins zone.
4:50 of 1st period - Backhand shot by Mitch Marner.
4:50 of 1st period - Shot Blocked by Darnell Nurse.
4:52 of 1st period - Wrist shot by Ryan Suter.
4:52 of 1st period - Shot Misses the Net.
4:54 of 1st period - Slapshot by Anton Stralman.
4:54 of 1st period - Deflect By Mitch Marner.
4:54 of 1st period - Shot Blocked by Connor Brown.
4:54 of 1st period - Puck is out of play.
4:55 of 1st period - Leon Draisaitl wins face-off versus Anze Kopitar in Tampa Bay Lightning zone.
4:58 of 1st period - Snap shot by Mitch Marner.
4:58 of 1st period - Shot Misses the Net.
5:12 of 1st period - Snap shot by Gabriel Landeskog.
5:12 of 1st period - Shot Misses the Net.
6:27 of 1st period - Snap shot by Gabriel Landeskog.
6:27 of 1st period - Stopped by Jonathan Quick with a rebound.
6:29 of 1st period - Snap shot by Anze Kopitar.
6:29 of 1st period - Stopped by Jonathan Quick without a rebound.
6:30 of 1st period - Tomas Hertl wins face-off versus Leon Draisaitl in Pittsburgh Penguins zone.
6:56 of 1st period - Erik Karlsson is hit by Roope Hintz and loses puck.
7:04 of 1st period - Minor Penalty to Ryan Johansen for Interference.
7:05 of 1st period - Leon Draisaitl wins face-off versus Kirill Kaprizov in Pittsburgh Penguins zone.
7:15 of 1st period - Slapshot by Kirill Kaprizov.
7:15 of 1st period - Stopped by Jonathan Quick with a rebound.
7:35 of 1st period - Mattias Ekholm is hit by Dylan Cozens and loses puck.
8:40 of 1st period - Hampus Lindholm is hit by Jeff Carter.
9:04 of 1st period - Penalty to Ryan Johansen is over, Ryan Johansen is back on ice.
9:07 of 1st period - Snap shot by Leon Draisaitl.
9:07 of 1st period - Stopped by Jeremy Swayman without a rebound.
9:08 of 1st period - Jean-Gabriel Pageau wins face-off versus Connor Brown in Tampa Bay Lightning zone.
9:13 of 1st period - Wrist shot by Jeff Carter.
9:13 of 1st period - Shot Misses the Net.
9:19 of 1st period - T.J. Brodie is hit by Ivan Barbashev and loses puck.
9:34 of 1st period - Gabriel Landeskog is hit by Blake Coleman and loses puck.
9:43 of 1st period - Wrist shot by Ryan Johansen.
9:43 of 1st period - Shot Misses the Net.
9:48 of 1st period - Minor Penalty to Blake Coleman for Hooking.
9:49 of 1st period - Anze Kopitar wins face-off versus Leon Draisaitl in Pittsburgh Penguins zone.
10:34 of 1st period - Off-side.
10:35 of 1st period - Anze Kopitar wins face-off versus Sam Reinhart in neutral zone.
10:48 of 1st period - Snap shot by Gabriel Landeskog.
10:48 of 1st period - Goal by Gabriel Landeskog - Pittsburgh Penguins : 0 - Tampa Bay Lightning : 1.
10:49 of 1st period - Anze Kopitar wins face-off versus Leon Draisaitl in neutral zone.
11:41 of 1st period - Snap shot by Dylan Cozens.
11:41 of 1st period - Shot Misses the Net.
11:51 of 1st period - Anton Stralman is hit by Roope Hintz and loses puck.
12:02 of 1st period - Wrist shot by Leon Draisaitl.
12:02 of 1st period - Goal by Leon Draisaitl - Pittsburgh Penguins : 1 - Tampa Bay Lightning : 1.
12:03 of 1st period - Leon Draisaitl wins face-off versus Anze Kopitar in neutral zone.
12:08 of 1st period - Snap shot by Mitch Marner.
12:08 of 1st period - Stopped by Jeremy Swayman with a rebound.
12:16 of 1st period - Snap shot by Gabriel Landeskog.
12:16 of 1st period - Stopped by Jonathan Quick with a rebound.
12:30 of 1st period - Johnny Gaudreau is hit by Jeff Carter and loses puck.
12:55 of 1st period - Ryan Suter is hit by Connor Brown and loses puck.
13:02 of 1st period - Slapshot by Dylan Cozens.
13:02 of 1st period - Stopped by Jonathan Quick without a rebound.
13:03 of 1st period - Leon Draisaitl wins face-off versus Anze Kopitar in Pittsburgh Penguins zone.
13:14 of 1st period - Snap shot by Christian Dvorak.
13:14 of 1st period - Deflect By Mitch Marner.
13:14 of 1st period - Stopped by Jonathan Quick without a rebound.
13:15 of 1st period - Tomas Hertl wins face-off versus Sam Reinhart in Pittsburgh Penguins zone.
13:30 of 1st period - Snap shot by Kirill Kaprizov.
13:30 of 1st period - Deflect By Tomas Hertl.
13:30 of 1st period - Stopped by Jonathan Quick with a rebound.
13:44 of 1st period - Wrist shot by Ryan Johansen.
13:44 of 1st period - Stopped by Jeremy Swayman with a rebound.
14:00 of 1st period - Snap shot by Tomas Hertl.
14:00 of 1st period - Stopped by Jonathan Quick with a rebound.
14:02 of 1st period - Wrist shot by Kirill Kaprizov.
14:02 of 1st period - Goal by Kirill Kaprizov - Pittsburgh Penguins : 1 - Tampa Bay Lightning : 2.
14:03 of 1st period - Anze Kopitar wins face-off versus Leon Draisaitl in neutral zone.
14:16 of 1st period - Snap shot by Leon Draisaitl.
14:16 of 1st period - Stopped by Jeremy Swayman with a rebound.
14:18 of 1st period - Snap shot by Sam Reinhart.
14:18 of 1st period - Shot Misses the Net.
14:35 of 1st period - Snap shot by Gabriel Landeskog.
14:35 of 1st period - Deflect By Christian Dvorak.
14:35 of 1st period - Shot Misses the Net.
14:35 of 1st period - Puck is out of play.
14:36 of 1st period - Colton Sissons wins face-off versus Roope Hintz in Pittsburgh Penguins zone.
15:12 of 1st period - Snap shot by Johnny Gaudreau.
15:12 of 1st period - Stopped by Jonathan Quick without a rebound.
15:13 of 1st period - Jean-Gabriel Pageau wins face-off versus Anze Kopitar in Pittsburgh Penguins zone.
15:13 of 1st period - Jean-Gabriel Pageau is hit by Gabriel Landeskog.
15:53 of 1st period - Icing by Sam Reinhart.
15:54 of 1st period - Tomas Hertl wins face-off versus Leon Draisaitl in Pittsburgh Penguins zone.
15:58 of 1st period - Slapshot by Hampus Lindholm.
15:58 of 1st period - Stopped by Jonathan Quick with a rebound.
16:00 of 1st period - Slapshot by Tomas Hertl.
16:00 of 1st period - Shot Hit the Post.
16:02 of 1st period - Slapshot by Alexander Romanov.
16:02 of 1st period - Shot Blocked by Mattias Ekholm.
16:04 of 1st period - Slapshot by Alexander Romanov.
16:04 of 1st period - Stopped by Jonathan Quick without a rebound.
16:05 of 1st period - Anze Kopitar wins face-off versus Jean-Gabriel Pageau in Pittsburgh Penguins zone.
16:30 of 1st period - Sam Reinhart is hit by Dylan Cozens and loses puck.
16:59 of 1st period - Wrist shot by Ryan Johansen.
16:59 of 1st period - Shot Misses the Net.
17:01 of 1st period - Slapshot by Anton Stralman.
17:01 of 1st period - Shot Blocked by Johnny Gaudreau.
17:05 of 1st period - Snap shot by Reilly Smith.
17:05 of 1st period - Deflect By Ryan Johansen.
17:05 of 1st period - Shot Misses the Net.
17:05 of 1st period - Puck is out of play.
17:06 of 1st period - Anze Kopitar wins face-off versus Jeff Carter in Tampa Bay Lightning zone.
17:38 of 1st period - Snap shot by Sam Reinhart.
17:38 of 1st period - Shot Misses the Net.
17:40 of 1st period - Slapshot by Erik Karlsson.
17:40 of 1st period - Shot Misses the Net.
17:42 of 1st period - Snap shot by Sam Reinhart.
17:42 of 1st period - Shot Blocked by Moritz Seider.
17:44 of 1st period - Snap shot by Mitch Marner.
17:44 of 1st period - Deflect By Leon Draisaitl.
17:44 of 1st period - Goal by Leon Draisaitl - Pittsburgh Penguins : 2 - Tampa Bay Lightning : 2.
17:45 of 1st period - Dylan Cozens wins face-off versus Leon Draisaitl in neutral zone.
17:56 of 1st period - Wrist shot by Roope Hintz.
17:56 of 1st period - Stopped by Jonathan Quick with a rebound.
18:18 of 1st period - Slapshot by Jeff Carter.
18:18 of 1st period - Stopped by Jeremy Swayman without a rebound.
18:19 of 1st period - Jean-Gabriel Pageau wins face-off versus Christian Dvorak in Tampa Bay Lightning zone.
18:48 of 1st period - Hampus Lindholm is hit by Chris Tanev and loses puck.
19:09 of 1st period - Snap shot by Dylan Cozens.
19:09 of 1st period - Shot Misses the Net.
19:49 of 1st period - Snap shot by Gabriel Landeskog.
19:49 of 1st period - Goal by Gabriel Landeskog - Pittsburgh Penguins : 2 - Tampa Bay Lightning : 3.
19:50 of 1st period - Tomas Hertl wins face-off versus Mitch Marner in neutral zone.
19:53 of 1st period - Snap shot by Kirill Kaprizov.
19:53 of 1st period - Shot Blocked by Mattias Ekholm.
19:59 of 1st period - Tomas Hertl is hit by Mitch Marner and loses puck.
Goals for this period are 2 for Pittsburgh Penguins vs 3 for Tampa Bay Lightning.
Shots for this period are 8 for Pittsburgh Penguins vs 17 for Tampa Bay Lightning.
2nd period
0:01 of 2nd period - Leon Draisaitl wins face-off versus Anze Kopitar in neutral zone.
1:12 of 2nd period - Chris Tanev is hit by Darnell Nurse and loses puck.
2:15 of 2nd period - Snap shot by Mitch Marner.
2:15 of 2nd period - Shot Misses the Net.
2:17 of 2nd period - Slapshot by T.J. Brodie.
2:17 of 2nd period - Shot Misses the Net.
2:19 of 2nd period - Slapshot by Chris Tanev.
2:19 of 2nd period - Shot Misses the Net.
2:21 of 2nd period - Snap shot by Mitch Marner.
2:21 of 2nd period - Stopped by Jeremy Swayman with a rebound.
2:31 of 2nd period - Slapshot by Leon Draisaitl.
2:31 of 2nd period - Shot Misses the Net.
2:43 of 2nd period - Snap shot by Leon Draisaitl.
2:43 of 2nd period - Shot Misses the Net.
2:45 of 2nd period - Wrist shot by Leon Draisaitl.
2:45 of 2nd period - Stopped by Jeremy Swayman with a rebound.
2:47 of 2nd period - Wrist shot by Mitch Marner.
2:47 of 2nd period - Stopped by Jeremy Swayman without a rebound.
2:48 of 2nd period - Jean-Gabriel Pageau wins face-off versus Anze Kopitar in Tampa Bay Lightning zone.
2:49 of 2nd period - Wrist shot by Pavel Buchnevich.
2:49 of 2nd period - Shot Blocked by Ryan Graves.
3:01 of 2nd period - Snap shot by Gabriel Landeskog.
3:01 of 2nd period - Stopped by Jonathan Quick without a rebound.
3:02 of 2nd period - Jean-Gabriel Pageau wins face-off versus Dylan Cozens in Pittsburgh Penguins zone.
3:41 of 2nd period - Minor Penalty to Ryan Suter for Tripping.
3:42 of 2nd period - Leon Draisaitl wins face-off versus Anze Kopitar in Pittsburgh Penguins zone.
4:18 of 2nd period - Snap shot by Dylan Cozens.
4:18 of 2nd period - Stopped by Jonathan Quick with a rebound.
5:14 of 2nd period - Kirill Kaprizov is hit by Sam Reinhart and loses puck.
5:41 of 2nd period - Penalty to Ryan Suter is over, Ryan Suter is back on ice.
5:51 of 2nd period - Vladislav Gavrikov is hit by Blake Coleman and loses puck.
6:34 of 2nd period - Wrist shot by Alexander Kerfoot.
6:34 of 2nd period - Shot Misses the Net.
6:36 of 2nd period - Wrist shot by Vladislav Gavrikov.
6:36 of 2nd period - Deflect By Lars Eller.
6:36 of 2nd period - Shot Misses the Net.
6:36 of 2nd period - Puck is out of play.
6:37 of 2nd period - Ryan Johansen wins face-off versus Anze Kopitar in Pittsburgh Penguins zone.
6:48 of 2nd period - Ryan Johansen is hit by Hampus Lindholm and loses puck.
7:08 of 2nd period - Mattias Ekholm is hit by Alexander Romanov.
7:20 of 2nd period - Mitch Marner is hit by Hampus Lindholm and loses puck.
7:42 of 2nd period - Snap shot by Sam Reinhart.
7:42 of 2nd period - Shot Blocked by Alexander Romanov.
7:45 of 2nd period - Icing by Hampus Lindholm.
7:46 of 2nd period - Dylan Cozens wins face-off versus Pavel Buchnevich in Tampa Bay Lightning zone.
8:00 of 2nd period - Off-side.
8:01 of 2nd period - Tomas Hertl wins face-off versus Ryan Johansen in neutral zone.
8:04 of 2nd period - Wrist shot by Kirill Kaprizov.
8:04 of 2nd period - Shot Blocked by Erik Karlsson.
8:04 of 2nd period - Erik Karlsson from Pittsburgh Penguins is injured at 8:04 of 2nd period (Sore Left Knee).
8:05 of 2nd period - Tomas Hertl wins face-off versus Leon Draisaitl in Pittsburgh Penguins zone.
8:06 of 2nd period - Slapshot by Johnny Gaudreau.
8:06 of 2nd period - Stopped by Jonathan Quick with a rebound.
8:08 of 2nd period - Snap shot by Johnny Gaudreau.
8:08 of 2nd period - Deflect By Mattias Ekholm.
8:08 of 2nd period - Shot Misses the Net.
8:08 of 2nd period - Puck is out of play.
8:09 of 2nd period - Leon Draisaitl wins face-off versus Tomas Hertl in Pittsburgh Penguins zone.
8:18 of 2nd period - Snap shot by Leon Draisaitl.
8:18 of 2nd period - Stopped by Jeremy Swayman without a rebound.
8:19 of 2nd period - Leon Draisaitl wins face-off versus Tomas Hertl in Tampa Bay Lightning zone.
8:20 of 2nd period - Snap shot by Mitch Marner.
8:20 of 2nd period - Stopped by Jeremy Swayman without a rebound.
8:21 of 2nd period - Tomas Hertl wins face-off versus Leon Draisaitl in Tampa Bay Lightning zone.
8:25 of 2nd period - Icing by Moritz Seider.
8:26 of 2nd period - Leon Draisaitl wins face-off versus Tomas Hertl in Tampa Bay Lightning zone.
8:27 of 2nd period - Snap shot by Mitch Marner.
8:27 of 2nd period - Shot Blocked by Tomas Hertl.
8:47 of 2nd period - Wrist shot by Mitch Marner.
8:47 of 2nd period - Stopped by Jeremy Swayman without a rebound.
8:48 of 2nd period - Anze Kopitar wins face-off versus Jean-Gabriel Pageau in Tampa Bay Lightning zone.
10:05 of 2nd period - Wrist shot by Gabriel Landeskog.
10:05 of 2nd period - Goal by Gabriel Landeskog - Pittsburgh Penguins : 2 - Tampa Bay Lightning : 4.
10:06 of 2nd period - Jean-Gabriel Pageau wins face-off versus Johnny Gaudreau in neutral zone.
10:13 of 2nd period - Snap shot by Jean-Gabriel Pageau.
10:13 of 2nd period - Shot Blocked by Vladislav Gavrikov.
10:15 of 2nd period - Snap shot by Jeff Carter.
10:15 of 2nd period - Stopped by Jeremy Swayman without a rebound.
10:16 of 2nd period - Jean-Gabriel Pageau wins face-off versus Tomas Hertl in Tampa Bay Lightning zone.
10:17 of 2nd period - Wrist shot by Pavel Buchnevich.
10:17 of 2nd period - Stopped by Jeremy Swayman with a rebound.
10:26 of 2nd period - Snap shot by Pavel Buchnevich.
10:26 of 2nd period - Shot Misses the Net.
10:28 of 2nd period - Slapshot by Mattias Ekholm.
10:28 of 2nd period - Shot Misses the Net.
10:30 of 2nd period - Wrist shot by Jean-Gabriel Pageau.
10:30 of 2nd period - Shot Misses the Net.
10:48 of 2nd period - Wrist shot by Jeff Carter.
10:48 of 2nd period - Deflect By Pavel Buchnevich.
10:48 of 2nd period - Stopped by Jeremy Swayman without a rebound.
10:49 of 2nd period - Leon Draisaitl wins face-off versus Anze Kopitar in Tampa Bay Lightning zone.
11:04 of 2nd period - Ryan Suter is hit by Gabriel Landeskog.
11:05 of 2nd period - Icing by Ryan Suter.
11:06 of 2nd period - Leon Draisaitl wins face-off versus Tomas Hertl in Pittsburgh Penguins zone.
11:32 of 2nd period - Anton Stralman is hit by Gabriel Landeskog and loses puck.
12:21 of 2nd period - Alexander Kerfoot is hit by Anton Stralman and loses puck.
12:46 of 2nd period - Icing by Tomas Hertl.
12:47 of 2nd period - Jean-Gabriel Pageau wins face-off versus Kirill Kaprizov in Tampa Bay Lightning zone.
13:26 of 2nd period - Off-side.
13:27 of 2nd period - Anze Kopitar wins face-off versus Leon Draisaitl in neutral zone.
13:54 of 2nd period - Moritz Seider is hit by Ryan Johansen and loses puck.
15:37 of 2nd period - Slapshot by Anton Stralman.
15:37 of 2nd period - Stopped by Jeremy Swayman with a rebound.
16:18 of 2nd period - Snap shot by Kirill Kaprizov.
16:18 of 2nd period - Stopped by Jonathan Quick with a rebound.
17:15 of 2nd period - Snap shot by Lars Eller.
17:15 of 2nd period - Stopped by Jonathan Quick with a rebound.
17:31 of 2nd period - Snap shot by Kirill Kaprizov.
17:31 of 2nd period - Goal by Kirill Kaprizov - Pittsburgh Penguins : 2 - Tampa Bay Lightning : 5.
17:31 of 2nd period - Mike Smith enters game.
17:32 of 2nd period - Anze Kopitar wins face-off versus Leon Draisaitl in neutral zone.
17:37 of 2nd period - Icing by Mattias Ekholm.
17:38 of 2nd period - Leon Draisaitl wins face-off versus Anze Kopitar in Pittsburgh Penguins zone.
17:49 of 2nd period - Moritz Seider is hit by Mitch Marner and loses puck.
18:08 of 2nd period - Wrist shot by Jean-Gabriel Pageau.
18:08 of 2nd period - Stopped by Jeremy Swayman without a rebound.
18:09 of 2nd period - Tomas Hertl wins face-off versus Jean-Gabriel Pageau in Tampa Bay Lightning zone.
19:10 of 2nd period - Off-side.
19:11 of 2nd period - Colton Sissons wins face-off versus Anze Kopitar in neutral zone.
19:46 of 2nd period - Snap shot by Leon Draisaitl.
19:46 of 2nd period - Stopped by Jeremy Swayman with a rebound.
19:56 of 2nd period - Wrist shot by Dylan Cozens.
19:56 of 2nd period - Stopped by Mike Smith with a rebound.
Goals for this period are 0 for Pittsburgh Penguins vs 2 for Tampa Bay Lightning.
Shots for this period are 12 for Pittsburgh Penguins vs 8 for Tampa Bay Lightning.
3rd period
0:01 of 3rd period - Anze Kopitar wins face-off versus Leon Draisaitl in neutral zone.
0:03 of 3rd period - Off-side.
0:04 of 3rd period - Anze Kopitar wins face-off versus Mitch Marner in neutral zone.
0:16 of 3rd period - Wrist shot by Vladislav Gavrikov.
0:16 of 3rd period - Shot Misses the Net.
0:27 of 3rd period - Icing by Darnell Nurse.
0:28 of 3rd period - Jean-Gabriel Pageau wins face-off versus Tomas Hertl in Tampa Bay Lightning zone.
0:29 of 3rd period - Wrist shot by Pavel Buchnevich.
0:29 of 3rd period - Stopped by Jeremy Swayman with a rebound.
1:20 of 3rd period - Wrist shot by Jordan Eberle.
1:20 of 3rd period - Deflect By Colton Sissons.
1:20 of 3rd period - Shot Misses the Net.
1:20 of 3rd period - Puck is out of play.
1:21 of 3rd period - Dylan Cozens wins face-off versus Colton Sissons in Tampa Bay Lightning zone.
1:21 of 3rd period - Dylan Cozens is hit by Jordan Eberle.
2:16 of 3rd period - Snap shot by Jordan Eberle.
2:16 of 3rd period - Stopped by Jeremy Swayman without a rebound.
2:17 of 3rd period - Anze Kopitar wins face-off versus Leon Draisaitl in Tampa Bay Lightning zone.
2:32 of 3rd period - Slapshot by Anze Kopitar.
2:32 of 3rd period - Shot Misses the Net.
2:44 of 3rd period - Hampus Lindholm is hit by Anton Stralman.
2:45 of 3rd period - Hampus Lindholm from Tampa Bay Lightning is injured at 2:45 of 3rd period (Bruised Left Arm).
2:46 of 3rd period - Leon Draisaitl wins face-off versus Tomas Hertl in Tampa Bay Lightning zone.
3:37 of 3rd period - Sam Reinhart is hit by Ivan Barbashev and loses puck.
3:44 of 3rd period - Snap shot by Lars Eller.
3:44 of 3rd period - Stopped by Mike Smith with a rebound.
3:53 of 3rd period - Wrist shot by Mitch Marner.
3:53 of 3rd period - Shot Misses the Net.
3:55 of 3rd period - Slapshot by Mattias Ekholm.
3:55 of 3rd period - Shot Misses the Net.
3:57 of 3rd period - Slapshot by Chris Tanev.
3:57 of 3rd period - Stopped by Jeremy Swayman without a rebound.
3:58 of 3rd period - Tomas Hertl wins face-off versus Jean-Gabriel Pageau in Tampa Bay Lightning zone.
4:07 of 3rd period - Snap shot by Johnny Gaudreau.
4:07 of 3rd period - Stopped by Mike Smith without a rebound.
4:08 of 3rd period - Pavel Buchnevich wins face-off versus Tomas Hertl in Pittsburgh Penguins zone.
4:49 of 3rd period - Snap shot by Johnny Gaudreau.
4:49 of 3rd period - Shot Hit the Post.
4:51 of 3rd period - Wrist shot by Kirill Kaprizov.
4:51 of 3rd period - Stopped by Mike Smith without a rebound.
4:52 of 3rd period - Anze Kopitar wins face-off versus Ryan Johansen in Pittsburgh Penguins zone.
4:53 of 3rd period - Wrist shot by Gabriel Landeskog.
4:53 of 3rd period - Shot Blocked by Mattias Ekholm.
5:07 of 3rd period - Slapshot by Gabriel Landeskog.
5:07 of 3rd period - Goal by Gabriel Landeskog - Pittsburgh Penguins : 2 - Tampa Bay Lightning : 6.
5:08 of 3rd period - Leon Draisaitl wins face-off versus Anze Kopitar in neutral zone.
5:12 of 3rd period - Off-side.
5:13 of 3rd period - Anze Kopitar wins face-off versus Leon Draisaitl in neutral zone.
5:40 of 3rd period - Ryan Graves is hit by Jean-Gabriel Pageau and loses puck.
6:06 of 3rd period - Off-side.
6:07 of 3rd period - Ryan Johansen wins face-off versus Dylan Cozens in neutral zone.
6:24 of 3rd period - Vladislav Gavrikov is hit by Blake Coleman and loses puck.
6:57 of 3rd period - Wrist shot by Connor Brown.
6:57 of 3rd period - Stopped by Mike Smith without a rebound.
6:58 of 3rd period - Leon Draisaitl wins face-off versus Anze Kopitar in Pittsburgh Penguins zone.
7:28 of 3rd period - Snap shot by Kirill Kaprizov.
7:28 of 3rd period - Shot Misses the Net.
7:30 of 3rd period - Slapshot by Darnell Nurse.
7:30 of 3rd period - Deflect By Jeff Carter.
7:30 of 3rd period - Stopped by Mike Smith with a rebound.
7:46 of 3rd period - Chris Tanev is hit by Alexander Romanov and loses puck.
8:21 of 3rd period - Minor Penalty to Mattias Ekholm for Diving.
8:22 of 3rd period - Leon Draisaitl wins face-off versus Anze Kopitar in Pittsburgh Penguins zone.
8:29 of 3rd period - Leon Draisaitl is hit by Vladislav Gavrikov and loses puck.
9:56 of 3rd period - Johnny Gaudreau is hit by Anton Stralman and loses puck.
10:18 of 3rd period - Wrist shot by Sam Reinhart.
10:18 of 3rd period - Shot Blocked by Darnell Nurse.
10:21 of 3rd period - Penalty to Mattias Ekholm is over, Mattias Ekholm is back on ice.
10:33 of 3rd period - Roope Hintz is hit by Sam Reinhart and loses puck.
10:44 of 3rd period - Snap shot by Anze Kopitar.
10:44 of 3rd period - Stopped by Mike Smith with a rebound.
10:46 of 3rd period - Slapshot by Roope Hintz.
10:46 of 3rd period - Stopped by Mike Smith with a rebound.
10:48 of 3rd period - Slapshot by Gabriel Landeskog.
10:48 of 3rd period - Goal by Gabriel Landeskog - Pittsburgh Penguins : 2 - Tampa Bay Lightning : 7.
10:49 of 3rd period - Lars Eller wins face-off versus Ryan Johansen in neutral zone.
11:01 of 3rd period - Minor Penalty to Alexander Romanov for High sticking.
11:02 of 3rd period - Leon Draisaitl wins face-off versus Anze Kopitar in Tampa Bay Lightning zone.
11:18 of 3rd period - Wrist shot by Leon Draisaitl.
11:18 of 3rd period - Shot Blocked by Vladislav Gavrikov.
12:22 of 3rd period - Icing by Chris Tanev.
12:23 of 3rd period - Jeff Carter wins face-off versus Anze Kopitar in Pittsburgh Penguins zone.
13:01 of 3rd period - Penalty to Alexander Romanov is over, Alexander Romanov is back on ice.
13:08 of 3rd period - Snap shot by Tomas Hertl.
13:08 of 3rd period - Shot Blocked by Erik Gudbranson.
13:18 of 3rd period - Slapshot by Johnny Gaudreau.
13:18 of 3rd period - Shot Blocked by Ryan Suter.
14:37 of 3rd period - Minor Penalty to Vladislav Gavrikov for Cross-checking.
14:38 of 3rd period - Leon Draisaitl wins face-off versus Anze Kopitar in Tampa Bay Lightning zone.
14:53 of 3rd period - Snap shot by Mitch Marner.
14:53 of 3rd period - Shot Misses the Net.
14:55 of 3rd period - Slapshot by Erik Gudbranson.
14:55 of 3rd period - Stopped by Jeremy Swayman without a rebound.
14:56 of 3rd period - Anze Kopitar wins face-off versus Pavel Buchnevich in Tampa Bay Lightning zone.
16:37 of 3rd period - Penalty to Vladislav Gavrikov is over, Vladislav Gavrikov is back on ice.
16:44 of 3rd period - Snap shot by Kirill Kaprizov.
16:44 of 3rd period - Stopped by Mike Smith with a rebound.
17:02 of 3rd period - Wrist shot by Ivan Barbashev.
17:02 of 3rd period - Deflect By Lars Eller.
17:02 of 3rd period - Shot Blocked by Chris Tanev.
17:02 of 3rd period - Puck is out of play.
17:03 of 3rd period - Dylan Cozens wins face-off versus Jean-Gabriel Pageau in Pittsburgh Penguins zone.
17:14 of 3rd period - Dylan Cozens is hit by Reilly Smith and loses puck.
17:24 of 3rd period - Icing by Roope Hintz.
17:25 of 3rd period - Dylan Cozens wins face-off versus Leon Draisaitl in Tampa Bay Lightning zone.
17:36 of 3rd period - Sam Reinhart is hit by Dylan Cozens and loses puck.
17:59 of 3rd period - Snap shot by Dylan Cozens.
17:59 of 3rd period - Deflect By Roope Hintz.
17:59 of 3rd period - Stopped by Mike Smith with a rebound.
18:01 of 3rd period - Snap shot by Darnell Nurse.
18:01 of 3rd period - Shot Blocked by Chris Tanev.
18:03 of 3rd period - Snap shot by Dylan Cozens.
18:03 of 3rd period - Shot Blocked by T.J. Brodie.
19:22 of 3rd period - Snap shot by Connor Brown.
19:22 of 3rd period - Stopped by Mike Smith with a rebound.
19:24 of 3rd period - Wrist shot by Roope Hintz.
19:24 of 3rd period - Stopped by Mike Smith with a rebound.
19:26 of 3rd period - Slapshot by Vladislav Gavrikov.
19:26 of 3rd period - Stopped by Mike Smith with a rebound.
19:28 of 3rd period - Slapshot by Vladislav Gavrikov.
19:28 of 3rd period - Deflect By Connor Brown.
19:28 of 3rd period - Shot Blocked by Mitch Marner.
19:28 of 3rd period - Puck is out of play.
19:29 of 3rd period - Jean-Gabriel Pageau wins face-off versus Anze Kopitar in Pittsburgh Penguins zone.
19:46 of 3rd period - Snap shot by Gabriel Landeskog.
19:46 of 3rd period - Shot Misses the Net.
Goals for this period are 0 for Pittsburgh Penguins vs 2 for Tampa Bay Lightning.
Shots for this period are 4 for Pittsburgh Penguins vs 14 for Tampa Bay Lightning.
Back to the Top